 Dungeon Crawl Stone Soup version 0.18-a0-1454-g5e6cd1e (webtiles) character file.

357 KarvaRausku the Nimble (level 6, -1/30 HPs)
             Began as a Felid Chaos Knight on Mar 1, 2016.
             Slain by an elf skeleton (6 damage)
             ... on level 4 of the Dungeon.
             The game lasted 00:11:33 (3782 turns).

KarvaRausku the Nimble (Felid Chaos Knight)         Turns: 3782, Time: 00:11:33

Health: -1/30      AC:  2    Str: 10    XL:     6   Next: 37%
Magic:  11/11      EV: 24    Int: 13    God:    Xom [..*...]
Gold:   687        SH:  0    Dex: 16    Spells: 0 memorised, 11 levels left
                                        Lives:  0   Deaths: 1

rFire  + . .     SeeInvis +       - Unarmed
rCold  . . .     Gourm    .     (armour unavailable)
rNeg   . . .     Faith    .     (shield unavailable)
rPois  .         Spirit   .     (helmet unavailable)
rElec  .         Dismiss  .     (cloak unavailable)
rCorr  .         Reflect  .     (gloves unavailable)
SustAt .         Harm     .     (boots unavailable)
MR     .....                    (no amulet)
Stlth  +++.......               (no ring)
                                (no ring)

@: quick, not resistant to hostile enchantments, fairly stealthy
A: no armour, no weapons or thrown items, claws 1, fangs 3, see invisible,
carnivore 3, fire resistance 1, speed 1, mutation resistance 1, shaggy fur 2,
slow metabolism 1, sharp paws
a: Renounce Religion


You were on level 4 of the Dungeon.
You worshipped Xom.
You were a toy of Xom.
You were very full.

You visited 1 branch of the dungeon, and saw 4 of its levels.

You collected 687 gold pieces.

Inventory:

Scrolls
 d - 8 scrolls of identify {unknown}
 e - a scroll of magic mapping {unknown}
 i - a scroll of enchant armour {unknown}
 j - a scroll of amnesia
 k - a scroll of recharging
 l - a scroll of enchant weapon {unknown}
Potions
 c - a potion of cure mutation {unknown}
 f - a potion of lignification {unknown}
 g - a potion of curing {unknown}
 n - a potion of haste {unknown}
Comestibles
 a - 6 meat rations
 b - 2 beef jerkies
 h - a slice of pizza


   Skills:
 + Level 5.6 Fighting
 * Level 9.4 Dodging
 + Level 2.4 Stealth
 + Level 5.6 Unarmed Combat
 - Level 3.3 Spellcasting


You had 11 spell levels left.
You didn't know any spells.

Dungeon Overview and Level Annotations

Branches:
Dungeon (4/15)
 Temple: D:4-7

Altars:
Vehumet

Portals:
Ossuary: D:4

Annotations:
D:3 budo's ghost, amateur OpFi


Innate Abilities, Weirdness & Mutations

You cannot wear armour.
You are incapable of wielding weapons or throwing items.
You have sharp claws.
You have razor-sharp teeth.
You have supernaturally acute eyesight.
You are carnivorous and can eat meat at any time.
You cover ground quickly.
You are covered in thick fur (AC +2).
You have a slow metabolism.
Your sharp claws are effective at attacking unaware monsters.
Your flesh is heat resistant.
You are somewhat resistant to further mutation.


Message History

You claw the elf skeleton! You scratch the elf skeleton.
The elf skeleton hits you.
* * * LOW HITPOINT WARNING * * *
You scratch the elf skeleton. The elf skeleton misses you.
You claw the elf skeleton! Your bite misses the elf skeleton.
The elf skeleton hits you.
* * * LOW HITPOINT WARNING * * *
You closely miss the elf skeleton. You bite the elf skeleton.
You scratch the elf skeleton. The elf skeleton misses you.
You scratch the elf skeleton.
Xom smirks.
You detect no further creatures.
You are now a toy of Xom.
The elf skeleton closely misses you.
You closely miss the elf skeleton. Your bite misses the elf skeleton.
You claw the elf skeleton! The elf skeleton hits you.
* * * LOW HITPOINT WARNING * * *
You barely miss the elf skeleton. The elf skeleton hits you.
You die... "This toy is broken."

#.........# *,* *
#.........# ,* ,*
#.........# *, *,* **
*##......######### * * ,
,,,........#, Z#.#.# *,*
***
##......###+#'#'#*####*
,* *
#......#.'...'.#,...,, ,*
* #......###...###*..
,,,,* *
####+#.#.'@..'.#*.#**,* *
* #.#'#Z#'####.# ,* ** *
* **,#.#.#∩#...+..# *,*
,,,,,,,,,,,#.#########..#
,* * *** ,#.# #.#......#
, , ,, , ,#,#.#
#.#.######**,* ***, **
#.#.###.#.#,, , , * ,,+,
,g #....##.#a#, *, ,*
*,,*,#....>#.#.#,, , *,*


You could see an elf skeleton.

Vanquished Creatures
  An elf zombie (D:4)
  A hound (D:4)
  A human zombie (D:4)
  Crazy Yiuf (D:2)
  2 giant frog skeletons (D:4)
  Ijyb (D:2)
  Natasha (D:2)
  A worker ant (D:3)
  3 adders
  4 worms
  4 dart slugs
  2 giant geckos (D:2)
  4 orcs
  2 giant cockroaches (D:2)
  8 goblins
  5 hobgoblins
  6 kobolds
  A quokka (D:2)
  9 bats
  5 giant newts
  An orc skeleton (D:4)
  An orc zombie (D:4)
  9 rats
  2 fungi (D:2)
75 creatures vanquished.

Vanquished Creatures (others)
  A fungus (D:2)
1 creature vanquished.

Grand Total: 76 creatures vanquished

Notes
Turn   | Place    | Note
--------------------------------------------------------------
     0 | D:1      | KarvaRausku the Felid Chaos Knight began the quest for the Orb.
     0 | D:1      | Reached XP level 1. HP: 10/10 MP: 2/2
   141 | D:1      | Reached XP level 2. HP: 14/14 MP: 3/3
   325 | D:1      | Reached skill level 4 in Dodging
   435 | D:1      | XOM: potion effect (agility)
   473 | D:1      | XOM: silly message
   705 | D:2      | XOM: stealth player
   714 | D:2      | Noticed Ijyb
   718 | D:2      | XOM: potion effect (experience)
   718 | D:2      | Reached skill level 5 in Fighting
   718 | D:2      | Reached skill level 8 in Dodging
   718 | D:2      | Reached skill level 5 in Unarmed Combat
   718 | D:2      | Reached XP level 3. HP: 16/19 MP: 3/8
   727 | D:2      | Killed Ijyb
   727 | D:2      | Reached XP level 4. HP: 18/23 MP: 3/9
   888 | D:2      | XOM: harmless Pois miscast
  1044 | D:2      | XOM is BORED!
  1044 | D:2      | XOM: silly message
  1046 | D:2      | Noticed Natasha
  1058 | D:2      | Killed Natasha
  1337 | D:2      | Reached XP level 5. HP: 26/26 MP: 10/10
  1480 | D:2      | XOM: divination: magic mapping
  1624 | D:2      | XOM: divination: detect creatures
  1626 | D:2      | Noticed Crazy Yiuf
  1631 | D:2      | XOM: harmless Conj miscast
  1635 | D:2      | Slain by Crazy Yiuf
  1636 | D:2      | Reached XP level 4. HP: 0/23 MP: 9/9
  1665 | D:2      | Killed Crazy Yiuf
  1722 | D:2      | XOM: colour smoke trail
  1807 | D:2      | XOM: mild Pois miscast
  1973 | D:3      | Noticed budo's ghost (amateur OpFi)
  1973 | D:3      | XOM: summons friendly crimson imp
  2151 | D:3      | Gained mutation: Your flesh is heat resistant. [potion of mutation]
  2151 | D:3      | Gained mutation: You are somewhat resistant to further mutation. [potion of mutation]
  2157 | D:3      | XOM: smoke on damage
  2166 | D:3      | XOM: cast spell 'Statue Form'
  2175 | D:3      | XOM: colour smoke trail
  2198 | D:3      | HP: 1/23 [poisoned by kobold (curare-tipped needle)]
  2463 | D:2      | XOM: harmless Pois miscast
  2770 | D:3      | Reached skill level 1 in Stealth
  2852 | D:3      | Reached skill level 9 in Dodging
  2852 | D:3      | Reached XP level 5. HP: 26/26 MP: 10/10
  2885 | D:3      | XOM: noise
  3008 | D:3      | XOM: god gift: 440 gold pieces
  3337 | D:4      | XOM: divination: detect creatures
  3432 | D:4      | Found a radiant altar of Vehumet.
  3631 | D:4      | Gained mutation: You are covered in thick fur (AC +2). [Felid growth]
  3631 | D:4      | Reached XP level 6. HP: 15/30 MP: 11/11
  3688 | D:4      | XOM: smoke on damage
  3771 | D:4      | Found a sand-covered staircase.
  3772 | D:4      | XOM: divination: magic mapping
  3779 | D:4      | XOM: divination: detect creatures
  3782 | D:4      | Slain by an elf skeleton

Vault maps used:
D:1:      scummos_arrival_simple_crosswalls
D:2:      uniq_natasha, uniq_crazy_yiuf_cottage, uniq_iyjb
D:4:      minmay_door_path, grunt_temple_overflow_diamond, first_bread,
          serial_shops, shop, nicolae_ossuary_entry_catacombs

Skill      XL: |  1  2  3  4  5 |
---------------+----------------+-----
Dodging        | 8 9 |  9.4
Fighting       | 5 |  5.6
Unarmed Combat | 5 |  5.6
Spellcasting   | 3 |  3.3
Stealth        | 1 2 |  2.4

Action                   |  1- 3 |  4- 6 || total
-------------------------+-------+-------++-------
Melee: Unarmed           |    54 |   205 ||   259
  Use: Potion            |       |     4 ||     4
       Scroll            |       |     5 ||     5
 Stab: Sleeping          |     5 |     8 ||    13
       Invisible         |       |     1 ||     1
  Eat: Chunk             |     7 |    11 ||    18
